 Dungeon Crawl Stone Soup version 0.30-a0-613-gdd512c7efb (webtiles) character file.

Game seed: 9133262212230126372

49 brightshaft the Slasher (level 3, 0/28 HPs)
             Began as a Demonspawn Gladiator on Jan 8, 2023.
             Slain by a gnoll
             ... wielding a +0 spear
              (6 damage)
             ... on level 2 of the Dungeon.
             The game lasted 00:03:04 (983 turns).

brightshaft the Slasher (Demonspawn Gladiator)       Turns: 983, Time: 00:03:05

Health: 0/28       AC:  6    Str: 14    XL:     3   Next: 53%
Magic:  3/3        EV: 11    Int:  9    God:
Gold:   41         SH: 10    Dex: 16    Spells: 2/2 levels left

rFire   . . .      SeeInvis .    m - +2 short sword (speed)
rCold   . . .      Faith    .    f - +2 kite shield
rNeg    . . .      Spirit   .    k - +0 ring mail
rPois   .          Reflect  .    c - +0 helmet
rElec   .          Harm     .    (no cloak)
rCorr   .          Rampage  .    (no gloves)
Will    .....                    (no boots)
Stlth   +                        (no amulet)
HPRegen 0.24/turn                (no ring)
MPRegen 0.08/turn                (no ring)

@: no status effects
A: repulsion field 1
a: no special abilities


You were on level 2 of the Dungeon.
You visited 1 branch of the dungeon, and saw 3 of its levels.

You collected 41 gold pieces.

Inventory:

Hand Weapons
 a - a +0 long sword
 m - a +2 short sword of speed (weapon)
Missiles
 d - 2 throwing nets (quivered)
 e - a javelin
Armour
 b - a +0 leather armour
 c - a +0 helmet (worn)
 f - a +2 kite shield (worn)
 k - a +0 ring mail (worn)
Jewellery
 l - a +5 ring of evasion
Potions
 g - 2 potions of lignification {unknown}
 h - 2 potions of heal wounds {@q2}
 i - a potion of brilliance {unknown}
 j - a potion of curing {unknown}


   Skills:
 + Level 2.3 Fighting
 * Level 3.8 Long Blades
 - Level 1.7 Throwing
 - Level 2.6 Dodging
 + Level 0.9 Shields


You had 2 spell levels left.
You didn't know any spells.
Your spell library was empty.

Dungeon Overview and Level Annotations

Branches:
Dungeon (3/15)

Altars:


Innate Abilities, Weirdness & Mutations

You are surrounded by a mild repulsion field. (EV +2)


Message History

You hit the gnoll.
The gnoll is almost dead.
The gnoll struggles against the net.
You block the gnoll's attack.
You hit the gnoll.
You kill the gnoll!
The gnoll struggles against the net.
The gnoll struggles against the net.
The net rips apart, and the gnoll comes free!
Things that are here:
a +0 halberd; a gnoll corpse The gnoll barely misses you.
You block the gnoll's attack.
You hit the gnoll.
The gnoll is lightly wounded.
You hit the gnoll.
The gnoll is moderately wounded.
The gnoll closely misses you. The gnoll completely misses you.
You hit the gnoll.
The gnoll is heavily wounded.
You block the gnoll's attack. x2
You closely miss the gnoll.
The gnoll is heavily wounded.
The gnoll closely misses you.
The gnoll hits you from afar with a +0 spear.
You closely miss the gnoll.
The gnoll is heavily wounded.
You hit the gnoll.
The gnoll is heavily wounded.
The gnoll hits you with a +0 spear. You block the gnoll's attack.
You hit the gnoll but do no damage.
The gnoll is heavily wounded.
The gnoll hits you with a +0 spear. The gnoll hits you but does no damage.
You barely miss the gnoll.
The gnoll is heavily wounded.
You block the gnoll's attack. The gnoll barely misses you.
You hit the gnoll.
The gnoll is severely wounded.
The gnoll hits you with a +0 spear.
* * * LOW HITPOINT WARNING * * *
The gnoll hits you from afar with a +0 spear.
You die...

..+ ### .... #. ....
#. #..w#.
######...#.#####
...g.g........w#######
.# #.. #.gg@)...# .#
#..##..#####.# ...
#........# .# ...#
##.###...# .# ....#
###. #.).###.# .....#
... #.......# ...#.#
##.###...##..# ...#..
.#........# .#
.[..#...####..#


You could see a worm and 2 gnolls.

Vanquished Creatures
  2 gnolls (D:2)
  A dart slug (D:1)
  3 endoplasms (D:1)
  2 goblins (D:1)
  A hobgoblin (D:1)
  3 jackals (D:1)
  A kobold (D:1)
  3 quokkas
  2 ball pythons
  3 bats (D:2)
  4 frilled lizards
  3 rats (D:1)
28 creatures vanquished.

Notes
Turn   | Place    | Note
-------+----------+-------------------------------------------
     0 | D:1      | brightshaft the Demonspawn Gladiator began the quest for
                  | the Orb.
     0 | D:1      | Reached XP level 1. HP: 16/16 MP: 1/1
    78 | D:1      | Reached skill level 3 in Long Blades
   126 | D:1      | Gained mutation: You are surrounded by a mild repulsion
                  | field. (EV +2) [demonic ancestry]
   126 | D:1      | Reached XP level 2. HP: 18/22 MP: 2/2
   684 | D:2      | You fall into a shaft and drop 1 floor!
   920 | D:1      | Reached XP level 3. HP: 27/27 MP: 3/3
   983 | D:2      | Slain by a gnoll

Illustrated notes

Levels and vault maps discovered:
D:1:      dpeg_arrival_solitude, layout_rooms
D:2:      layout_basic
D:3:      layout_basic, uniq_grinder

Skill      XL: |  1 |
---------------+----+-----
Long Blades    | 3 |  3.8
Fighting       | |  2.3
Throwing       | |  1.7
Dodging        | |  2.6
Shields        | |  0.9

Action                   || total
-------------------------++-------
Melee: Long sword        ||    76
       Punch             ||     1
       Short sword       ||    27
Throw: Throwing net      ||     1
  Use: Scroll            ||     3
       Potion            ||     1
 Stab: Sleeping          ||     1
Armor: Leather armour    ||    13
       Ring mail         ||    17
Dodge: Dodged            ||    60
Block: Kite shield       ||    56

Table legend: (Time is in decaauts)
 A = Elapsed time spent in this place.
 B = Non-inter-level travel time spent in this place.
 C = Inter-level travel time spent in this place.
 D = Time resting spent in this place.
 E = Time spent auto-exploring this place.
 F = Levels seen in this place.
 G = Mean time per level.
                   A        B        C        D        E       F      G
               +--------+--------+--------+--------+--------+-----+--------+
         Total |   1006 |    950 |     56 |      0 |    628 |   3 |  335.3 |
       Dungeon |   1006 |    950 |     56 |      0 |    628 |   3 |  335.3 |
               +--------+--------+--------+--------+--------+-----+--------+

Top non-repeatable levels by time:
     D:1: 651 daAuts
     D:2: 341 daAuts
     D:3: 13 daAuts
